 Dungeon Crawl Stone Soup version 0.30.0-29-ga12c61a403 (webtiles) character file.

Game seed: 14959117286414581857

4251 monsoonserge the Geomancer (level 10, 0/77 HPs)
             Began as a Meteoran Earth Elementalist on June 21, 2023.
             Was a Believer of Sif Muna.
             Slain by a killer bee (2 damage)
             ... on level 9 of the Dungeon.
             The game lasted 00:42:04 (4328 turns).

monsoonserge the Geomancer (MeEE)                   Turns: 4328, Time: 00:42:05

Health: 0/77       AC:  4    Str: 11    XL:     10   Next: 86%
Magic:  3/15       EV: 14    Int: 22    God:    Sif Muna [**....]
Gold:   57         SH:  0    Dex: 15    Spells: 5/15 levels left

rFire   + . .        T - +7 mace of Eternal War {drain, Str+2}
rCold   . . .        (no shield)
rNeg    . . .        S - +2 robe {Archmagi}
rPois   .            (no helmet)
rElec   .            U - scarf {repulsion}
rCorr   .            (no gloves)
SInv    .            (no boots)
Will    +....        (no amulet)
Stlth   +            x - ring of protection from fire
HPRegen 0.32/turn    (no ring)
MPRegen 0.14/turn

%: repel missiles, archmagi
@: lethally poisoned (0 -> -12), glowing
A: sense surroundings 2, otherworldly, glowing, explore regen
a: Renounce Religion, Channel Magic


You were on level 9 of the Dungeon.
You worshipped Sif Muna.
Sif Muna was pleased with you.
You visited 1 branch of the dungeon, and saw 9 of its levels.
You also visited: Sewer and Ossuary.

You collected 379 gold pieces.
You spent 322 gold pieces at shops.

Inventory:

Hand Weapons
 a - a +2 flail of holy wrath
 b - a +0 shortbow
 g - a +1 mace of holy wrath
 i - a +0 short sword
 T - the +7 mace of Eternal War (weapon) {drain, Str+2}
   (You bought it in a shop on level 7 of the Dungeon)

   Str:       It affects your strength (+2).
Missiles
 q - a throwing net
 t - 3 curare-tipped darts
 E - 9 poisoned darts
 P - 2 boomerangs (quivered)
Armour
 l - a +0 ring mail
 r - a +0 leather armour
 O - a +1 leather armour of poison resistance
 S - a +2 robe of the Archmagi (worn)
 U - a scarf of repulsion (worn)
Magical Staves
 c - a staff of air
 v - a staff of death
 F - a staff of poison
Jewellery
 w - a ring of ice
 x - a ring of protection from fire (left hand)
Wands
 o - a wand of light (13)
 y - a wand of flame (15)
 A - a wand of polymorph (11)
 R - a wand of iceblast (12)
 X - a wand of paralysis (7)
Scrolls
 d - 4 scrolls of vulnerability
 e - 2 scrolls of magic mapping
 f - 2 scrolls of amnesia
 j - 8 scrolls of teleportation {unknown}
 m - 2 scrolls of brand weapon
 p - 4 scrolls of torment
 B - a scroll of poison {unknown}
 D - 4 scrolls of blinking
 H - 4 scrolls of enchant weapon
 K - 3 scrolls of fear
 L - a scroll of enchant armour {unknown}
 M - a scroll of fog
 V - a scroll of immolation
Potions
 h - a potion of degeneration {unknown}
 k - 3 potions of berserk rage {unknown}
 n - 2 potions of mutation
 s - 2 potions of curing
 u - a potion of ambrosia {unknown}
 z - a potion of might {unknown}
 C - 3 potions of flight
 G - a potion of lignification {unknown}
 I - 2 potions of heal wounds
 J - 2 potions of cancellation
 N - a potion of haste {unknown}
 Q - a potion of magic
 W - a potion of resistance {unknown}


   Skills:
 + Level 3.3 Fighting
 - Level 1.0 Short Blades
 + Level 1.5 Maces & Flails
 + Level 0.6 Ranged Weapons
 + Level 2.6 Throwing
 - Level 4.2 Armour
 + Level 4.4 Dodging
 - Level 2.0 Stealth
 - Level 3.0 Spellcasting
 + Level 5.0 Conjurations
 + Level 2.0 Transmutations
 + Level 13.9 Earth Magic
 * Level 2.6 Invocations
 + Level 3.0 Evocations


You had 5 spell levels left.
You knew the following spells:

 Your Spells              Type           Power      Damage    Failure   Level
a - Sandblast             Erth           100%       2d20      1%          1
b - Stone Arrow           Conj/Erth      100%       3d13      1%          3
c - Passwall              Tmut/Erth      45%        N/A       1%          2
d - Petrify               Tmut/Erth      55%        N/A       4%          4

Your spell library contained the following spells:

 Spells                   Type           Power      Damage    Failure   Level
 Apportation              Tloc           8%         N/A       12%         1
 Necrotise                Necr           16%        1d4       12%         1
 Summon Small Mammal      Summ           16%        N/A       12%         1
 Hailstorm                Conj/Ice       21%        3d6       13%         3
 Ensorcelled Hibernation  Hex/Ice        8%         N/A       19%         2
 Spider Form              Tmut/Pois      11%        N/A       24%         3
 Ice Form                 Ice/Tmut       11%        N/A       63%         4
 Anguish                  Hex/Necr       2%         N/A       77%         4
 Animate Dead             Necr           4%         N/A       77%         4
 Simulacrum               Ice/Necr       2%         N/A       100%        6
 Haunt                    Necr/Summ      2%         N/A       100%        7
 Infestation              Necr           2%         N/A       100%        8


Dungeon Overview and Level Annotations

Branches:
Dungeon (9/15) Zot: 1507   Temple (0/1) D:6            Lair (0/5) D:8
  Sewer (visited)         Ossuary (visited)
    Orc: D:9-12

Altars:
Dithmenos
Gozag
Hepliaklqana
Nemelex Xobeh
Qazlal
Ru
Sif Muna
Xom
Yredelemnul
The Shining One

Shops:
D:2 *   D:7 *(**

Annotations:
D:4 3 runed translucent doors, jurchenman's ghost, amateur DECj
D:6 1 runed translucent door, Edmund; Irreverend's ghost, novice TrFi; Pikel; Sigmund


Innate Abilities, Weirdness & Mutations

You passively map the area around you.
You are easily found by Zot.
You glow in the dark.
You regain HP and MP as you explore.


Message History

Confirm with . or Enter, or press ? or * to list all spells.
Aiming: Sandblast (safe; 1% risk of failure)
Press: ? - help, Shift-Dir - straight line, f - killer bee
Aim: a killer bee (70% to hit)
You feel a surge of power!
The blast of sand hits the killer bee!
The killer bee is heavily wounded.
You feel very sick. The killer bee stings you.
You are more poisoned.
The killer bee poisons you! The killer bee stings you!
* * * LOW HITPOINT WARNING * * *
You are lethally poisoned!
The killer bee poisons you! The killer bee stings you.
* * * LOW HITPOINT WARNING * * *
Casting: Sandblast (safe; 1% risk of failure)
Confirm with . or Enter, or press ? or * to list all spells.
Aiming: Sandblast (safe; 1% risk of failure)
Press: ? - help, Shift-Dir - straight line, f/p - killer bee
Aim: a killer bee (heavily wounded, 70% to hit)
You feel a surge of power!
The blast of sand misses the killer bee.
* * * LOW HITPOINT WARNING * * *
You feel extremely sick.
The killer bee misses you. x2; The killer bee barely misses you.
Casting: Sandblast (safe; 1% risk of failure)
Confirm with . or Enter, or press ? or * to list all spells.
Aiming: Sandblast (safe; 1% risk of failure)
Press: ? - help, Shift-Dir - straight line, f/p - killer bee
Aim: a killer bee (heavily wounded, 70% to hit)
Okay, then.
Casting: Sandblast (safe; 1% risk of failure)
Confirm with . or Enter, or press ? or * to list all spells.
Aiming: Stone Arrow (safe; 1% risk of failure)
Press: ? - help, Shift-Dir - straight line, f/p - killer bee
Aim: a killer bee (heavily wounded, 55% to hit)
You feel a surge of power!
The stone arrow misses the killer bee.
* * * LOW HITPOINT WARNING * * *
You feel very sick. The killer bee stings you.
You die...

, * * , , *
** * * * *
*### , ..# *
** * #.# #.#
#y#
**#######@###
* .......<..#
* #######.#.#
#.#.# * #.# #
* , ,..#, ,
### , * * * *


You could see a killer bee.

Vanquished Creatures
  A two-headed ogre (D:5)
  Grinder (D:6)
  5 yaks (D:8)
  2 wraiths (Ossuary)
  A steam dragon (D:8)
  An ice beast (D:6)
  A sky beast (D:7)
  An ogre (D:5)
  A black bear (D:4)
  2 centaurs
  A phantom (D:7)
  Blork the orc (D:6)
  3 bullfrogs
  4 scorpions
  5 wights
  7 killer bees
  2 howler monkeys (D:7)
  A jelly (D:6)
  3 orc priests
  A hound (D:5)
  A gnoll bouda (D:6)
  An iguana (D:4)
  A sleepcap (D:5)
  6 orc wizards
  A scorpion zombie (D:4)
  A hound zombie (D:4)
  4 gnolls (D:6)
  7 adders
  A river rat (Sewer)
  A shadow imp (D:6)
  A white imp (D:5)
  2 ufetubi
  An adder zombie (Ossuary)
  2 worms (D:2)
  3 dart slugs
  14 orcs
  5 ball pythons
  4 bats
  13 endoplasms
  5 giant cockroaches
  6 goblins
  4 hobgoblins
  7 jackals
  3 quokkas
  A ball python skeleton (Ossuary)
  6 frilled lizards
  A hobgoblin skeleton (Ossuary)
  3 hobgoblin zombies (Ossuary)
  5 kobolds
  An orc skeleton (Ossuary)
  2 orc zombies (Ossuary)
  7 rats
164 creatures vanquished.

Notes
Turn   | Place    | Note
-------+----------+-------------------------------------------
     0 | D:1      | monsoonserge the Meteoran Earth Elementalist began the
                  | quest for the Orb.
     0 | D:1      | Reached XP level 1. HP: 14/14 MP: 5/5
    44 | D:1      | Reached XP level 2. HP: 20/20 MP: 4/6
    55 | D:1      | Reached skill level 4 in Earth Magic
   210 | D:1      | Reached XP level 3. HP: 26/26 MP: 6/8
   232 | D:1      | Learned a level 3 spell: Stone Arrow
   476 | D:2      | Reached XP level 4. HP: 30/33 MP: 6/9
   505 | D:2      | Found Anuvanec's General Store.
   574 | D:2      | Reached skill level 1 in Conjurations
   962 | D:2      | Reached skill level 5 in Earth Magic
  1178 | D:3      | Reached XP level 5. HP: 37/38 MP: 6/10
  1194 | D:3      | Found a faded altar of an unknown god.
  1251 | D:4      | Reached skill level 1 in Armour
  1330 | D:4      | Noticed a black bear
  1336 | D:4      | Killed a black bear
  1337 | D:4      | Reached skill level 6 in Earth Magic
  1337 | D:4      | Reached XP level 6. HP: 44/45 MP: 0/11
  1373 | D:4      | Found a glowing drain.
  1401 | Sewer    | Entered a sewer
  1719 | Sewer    | Learned a level 2 spell: Passwall
  1772 | D:4      | Found a runed translucent gate.
  1772 | D:4      | Found a runed translucent gate.
  1772 | D:4      | Found a runed translucent gate.
  1772 | D:4      | Noticed jurchenman's ghost (amateur DECj)
  1774 | D:4      | Found a basalt altar of Yredelemnul.
  1778 | D:4      | Reached XP level 7. HP: 50/50 MP: 9/12
  1841 | D:4      | Found a sacrificial altar of Ru.
  1986 | D:4      | Reached skill level 7 in Earth Magic
  2059 | D:5      | Entered Level 5 of the Dungeon
  2190 | D:5      | Reached skill level 1 in Short Blades
  2190 | D:5      | Reached skill level 1 in Evocations
  2301 | D:5      | Reached XP level 8. HP: 54/57 MP: 7/13
  2444 | D:5      | Reached skill level 8 in Earth Magic
  2465 | D:5      | Found a shimmering blue altar of Sif Muna.
  2465 | D:5      | Noticed a two-headed ogre
  2470 | D:5      | Killed a two-headed ogre
  2471 | D:5      | Reached skill level 9 in Earth Magic
  2471 | D:5      | Gained mutation: You passively map the area around you.
                  | [Meteoran growth]
  2471 | D:5      | Reached XP level 9. HP: 67/67 MP: 1/14
  2477 | D:5      | Learned a level 4 spell: Petrify
  2494 | D:5      | Became a worshipper of Sif Muna the Loreminder
  2551 | D:5      | Found a shimmering altar of Xom.
  2555 | D:5      | Reached skill level 10 in Earth Magic
  2787 | D:6      | Noticed Blork the orc
  2793 | D:6      | Killed Blork the orc
  2857 | D:6      | Noticed Pikel
  2885 | D:7      | Found Amaos Anu's Antique Weapon Boutique.
  2888 | D:7      | Reached skill level 1 in Throwing
  2897 | D:7      | HP: 3/65 [wight/+0 trident (2)]
  2925 | D:6      | Found a hazy altar of Hepliaklqana.
  2937 | D:6      | Reached skill level 11 in Earth Magic
  2954 | D:6      | Found a runed translucent door.
  2955 | D:6      | Noticed a two-headed ogre
  2955 | D:6      | Noticed Irreverend's ghost (novice TrFi)
  3000 | D:6      | Found a shadowy altar of Dithmenos.
  3071 | D:6      | Noticed Grinder
  3077 | D:6      | Killed Grinder
  3096 | D:6      | Found a staircase to the Ecumenical Temple.
  3126 | D:6      | Noticed Edmund
  3127 | D:6      | Noticed Sigmund
  3161 | D:7      | Reached skill level 1 in Maces & Flails
  3164 | D:7      | Bought a warped mace for 208 gold pieces
  3164 | D:7      | Identified the +7 mace of Eternal War {drain, Str+2} (You
                  | bought it in a shop on level 7 of the Dungeon)
  3181 | D:7      | Reached XP level 10. HP: 74/74 MP: 11/15
  3321 | D:7      | Found a stormy altar of Qazlal.
  3324 | D:7      | Found a glowing golden altar of the Shining One.
  3326 | D:7      | Found an opulent altar of Gozag.
  3391 | D:7      | Found a sand-covered staircase.
  3397 | D:7      | Reached * piety under Sif Muna
  3398 | D:7      | Reached skill level 5 in Conjurations
  3403 | Ossuary  | Entered an ossuary
  3520 | Ossuary  | Reached skill level 12 in Earth Magic
  3708 | D:7      | Found Qaugg's Assorted Antiques.
  3712 | D:7      | Bought a scroll labelled QEINAMPOSM for 19 gold pieces
  3712 | D:7      | Bought a glowing sapphire ring for 95 gold pieces
  3733 | D:7      | Found Muduicuc's Assorted Antiques.
  3778 | D:7      | Found a sparkling altar of Nemelex Xobeh.
  3868 | D:8      | Reached skill level 1 in Invocations
  4000 | D:7      | Found Pemezxau's Assorted Antiques.
  4190 | D:8      | Reached skill level 13 in Earth Magic
  4246 | D:8      | Reached ** piety under Sif Muna
  4328 | D:9      | HP: 2/77 [poisoned by a killer bee]
  4328 | D:9      | Slain by a killer bee

Illustrated notes

Levels and vault maps discovered:
D:1:      grunt_arrival_lava_bath, layout_basic
D:2:      kennysheep_six_static_rooms, layout_basic, serial_shops,
          nicolae_shop_real_fake_doors, minmay_tetromino_i2
D:3:      layout_rooms, serial_bayou, serial_bayou_shore_b, serial_bayou_lake_a,
          serial_bayou_shore_a, serial_bayou_ford_a,
          shapermc_ecumenical_altar_acropolis
D:4:      layout_loops_ring, mainiacjoe_overflow_swirl,
          nicolae_ru_path_of_blood, nicolae_yredelemnul_ghost_church,
          portal_sewer_entry_a, guppyfry_early_orc_mine
D:5:      layout_gridville, chequers_garden, serial_park_tiny_2,
          hangedman_feature_mirror, hex_medium
D:6:      layout_gridville, mainiacjoe_overflow_alcove_4,
          mainiacjoe_overflow_alcove_1, nicolae_hepliaklqana_hazy_memory,
          lemuel_temple_firewalk_b, ebering_ghost_inner_flame,
          corexii_hall_statues_i, sigmund_edmund_badplayer, uniq_blork_the_orc,
          uniq_pikel, uniq_sigmund, uniq_grinder
D:7:      layout_loops_ring, nemelex_spade_bored_becter,
          grunt_temple_overflow_diamond, serial_shops, shop, kennysheep_mini,
          nicolae_shop_window_shopping, shop, shop, enter_ossuary_1,
          minmay_quadrilaterals
D:8:      layout_basic, david_lair_shrubbed, lemuel_flamethrower_2
D:9:      layout_loops_ring, minmay_shop_mayhem, kennysheep_generic_room_8

Skill      XL: |  1  2  3  4  5  6  7  8  9 10 |
---------------+-------------------------------+-----
Earth Magic    | 4 5 6 7 9 11 13 | 13.9
Spellcasting   | 3 |  3.0
Conjurations   | 2 3 4 5 |  5.0
Armour         | 1 2 3 4 |  4.2
Dodging        | 3 4 |  4.4
Short Blades   | 1 |  1.0
Evocations     | 2 3 |  3.0
Fighting       | 2 3 |  3.3
Transmutations | 2 |  2.0
Throwing       | 2 |  2.6
Stealth        | 2 |  2.0
Maces & Flails | 1 |  1.5
Invocations    | 2 |  2.6
Ranged Weapons | |  0.6

Action                     |  1- 3 |  4- 6 |  7- 9 | 10-12 || total
---------------------------+-------+-------+-------+-------++-------
  Melee: Whip              |    15 |       |       |       ||    15
         Dagger            |     4 |       |       |       ||     4
         Short sword       |     1 |     7 |     1 |       ||     9
         Mace              |       |       |     2 |    10 ||    12
         Flail             |       |       |     4 |       ||     4
   Fire: Shortbow          |       |       |     1 |       ||     1
  Throw: Dart              |       |       |     4 |       ||     4
         Boomerang         |       |       |     4 |       ||     4
   Cast: Sandblast         |    33 |    66 |    70 |    71 ||   240
         Stone Arrow       |       |     4 |    18 |     2 ||    24
         Passwall          |       |     6 |       |       ||     6
         Petrify           |       |       |       |     1 ||     1
  Evoke: Wand              |       |       |     1 |       ||     1
    Use: Scroll            |       |     6 |       |     9 ||    15
 Armour: Robe              |     2 |     5 |     1 |     7 ||    15
         Leather armour    |       |     7 |     5 |       ||    12
  Dodge: Dodged            |    14 |    21 |    22 |    43 ||   100
